 Dungeon Crawl Stone Soup version 0.30-a0-424-g7412bad402 (webtiles) character file.

Game seed: 6380195149850648281

47 p00ps00p the Trooper (level 3, -1/33 HPs)
             Began as a Hill Orc Fighter on Dec 9, 2022.
             Slain by Natasha (4 damage)
             ... on level 2 of the Dungeon.
             The game lasted 00:01:18 (817 turns).

p00ps00p the Trooper (Hill Orc Fighter)              Turns: 817, Time: 00:01:19

Health: -1/33      AC: 12    Str: 20    XL:     3   Next: 70%
Magic:  3/3        EV:  5    Int:  8    God:
Gold:   64         SH:  4    Dex: 10    Spells: 2/2 levels left

rFire   . . .      SeeInvis .    a - +1 war axe
rCold   . . .      Faith    .    c - +0 buckler
rNeg    . . .      Spirit   .    m - +0 plate armour
rPois   .          Reflect  .    k - +0 helmet
rElec   .          Harm     .    (no cloak)
rCorr   .          Rampage  .    (no gloves)
Will    .....                    (no boots)
Stlth   ..........               (no amulet)
HPRegen 0.25/turn                (no ring)
MPRegen 0.08/turn                (no ring)

@: no status effects
A: no striking features
a: no special abilities


You were on level 2 of the Dungeon.
You visited 1 branch of the dungeon, and saw 2 of its levels.

You collected 64 gold pieces.

Inventory:

Hand Weapons
 a - a +1 war axe (weapon)
Missiles
 g - a throwing net (quivered)
Armour
 c - a +0 buckler (worn)
 k - a +0 helmet (worn)
 m - a +0 plate armour (worn)
Potions
 d - 2 potions of might
 e - a potion of attraction
 h - a potion of brilliance {unknown}
 i - a potion of heal wounds


   Skills:
 + Level 4.2 Fighting
 + Level 3.5 Axes
 + Level 3.8 Armour
 + Level 3.7 Shields


You had 2 spell levels left.
You didn't know any spells.
Your spell library contained the following spells:

 Spells                   Type           Power      Damage    Failure   Level
 Magic Dart               Conj           0%         1d3       100%        1
 Call Imp                 Summ           0%         N/A       100%        2
 Mephitic Cloud           Conj/Pois/Air  0%         N/A       100%        3
 Ozocubu's Armour         Ice            0%         N/A       100%        3
 Ozocubu's Refrigeration  Ice            0%         4d7       100%        7


Dungeon Overview and Level Annotations

Branches:
Dungeon (2/15)

Altars:

Annotations:
D:2 Natasha


Message History

You barely miss Natasha.
Natasha is severely wounded.
You hit the crimson imp. You block the crimson imp's attack.
Natasha mewls in sadness.
Natasha claws you.
The crimson imp blinks!
You closely miss Natasha.
Natasha is severely wounded.
Natasha completely misses you. Natasha claws you.
You hit Natasha but do no damage.
Natasha is severely wounded.
Natasha claws you but does no damage.
You completely miss Natasha.
Natasha is severely wounded.
Natasha hisses.
Natasha drinks a potion.
Natasha is healed!
You miss Natasha. You barely miss the crimson imp. You block Natasha's attack.
The crimson imp barely misses you. Natasha claws you but does no damage.
You closely miss Natasha. You hit the crimson imp.
The crimson imp blinks!
You block Natasha's attack.
You closely miss Natasha. Natasha claws you but does no damage.
The crimson imp blinks!
Natasha claws you but does no damage.
You hit Natasha.
Natasha is moderately wounded.
Natasha barely misses you.
You hit Natasha but do no damage.
Natasha is moderately wounded.
The crimson imp blinks!
Natasha claws you.
You hit Natasha.
Natasha is heavily wounded.
Natasha claws you. Natasha casts a spell at you. The magic dart hits you.
You barely miss Natasha.
Natasha is heavily wounded.
Natasha claws you!
* * * LOW HITPOINT WARNING * * *
You barely miss Natasha.
Natasha is heavily wounded.
Natasha claws you.
You die...

...$.# # #....# ### ..
+....###... ###.#.
#..5.....#
#......###.....?..#
#....#............#
#....####.......?.#.
#####.....(.....@h......
......#.###.#.#######...
......#.##..#.####
......+...>........
......#.......##...
#..†.....##.#
#........#### #..(..##.#
....##
#.....##.#####.....


You could see Natasha and a crimson imp (summoned).

Vanquished Creatures
  Jessica (D:2)
  A worm (D:2)
  A dart slug (D:1)
  2 endoplasms (D:1)
  A goblin (D:1)
  4 hobgoblins
  A kobold (D:1)
  3 ball pythons (D:1)
  A bat (D:1)
  2 frilled lizards (D:1)
17 creatures vanquished.

Notes
Turn   | Place    | Note
-------+----------+-------------------------------------------
     0 | D:1      | p00ps00p the Hill Orc Fighter began the quest for the Orb.
     0 | D:1      | Reached XP level 1. HP: 19/19 MP: 1/1
    89 | D:1      | Reached XP level 2. HP: 25/27 MP: 2/2
   633 | D:2      | Noticed Jessica
   640 | D:2      | Killed Jessica
   641 | D:2      | Reached skill level 4 in Fighting
   641 | D:2      | Reached XP level 3. HP: 31/33 MP: 3/3
   795 | D:2      | Noticed Natasha
   817 | D:2      | Slain by Natasha

Illustrated notes

Levels and vault maps discovered:
D:1:      reono_arrival_forest_river, layout_rooms
D:2:      layout_basic, uniq_natasha, uniq_crazy_yiuf_cottage, uniq_jessica

Skill      XL: |  1  2 |
---------------+-------+-----
Axes           | 3 |  3.5
Fighting       | 4 |  4.2
Armour         | |  3.8
Shields        | |  3.7

Action                   || total
-------------------------++-------
Melee: War axe           ||    71
  Use: Scroll            ||     5
Armor: Scale mail        ||    17
       Plate armour      ||    20
Dodge: Dodged            ||    26
Block: Buckler           ||    28

Table legend: (Time is in decaauts)
 A = Elapsed time spent in this place.
 B = Non-inter-level travel time spent in this place.
 C = Inter-level travel time spent in this place.
 D = Time resting spent in this place.
 E = Time spent auto-exploring this place.
 F = Levels seen in this place.
 G = Mean time per level.
                   A        B        C        D        E       F      G
               +--------+--------+--------+--------+--------+-----+--------+
         Total |    852 |    831 |     21 |      0 |    599 |   2 |  426.0 |
       Dungeon |    852 |    831 |     21 |      0 |    599 |   2 |  426.0 |
               +--------+--------+--------+--------+--------+-----+--------+

Top non-repeatable levels by time:
     D:1: 585 daAuts
     D:2: 266 daAuts
